General information
- name: BNet
- type: Ladder team game (AT/RT)
- host: Battle.net
- saver: butter15
map: RiverOfSouls
- players: 6
- length: 28:29
- speed: Fast
- version: 1.26 W3XP
- replay type:

» download(223 KB)
Players
team 1 (loser)
FatalCastZ- (
red | 80 APM | 2282 actions | 28:27)
4 Death Knight
2 Death Coil
2 Unholy Aura
2 Lich
1 Frost Nova
1 Frost Armor
» actions
| Assign group hotkey | 199 | |
| Basic commands | 33 | |
| Build / train | 55 | |
| Enter build submenu | 23 | |
| Enter hero's abilities submenu | 6 | |
| Give item / drop item | 2 | |
| Remove unit from queue | 2 | |
| Right click | 827 | |
| Select / deselect | 292 | |
| Select group hotkey | 773 | |
| Use ability | 70 | |
2282 total
» units
| Acolyte | 2 | |
| Ghoul | 4 | |
| Crypt Fiend | 7 | |
| Frost Wyrm | 10 | |
23 total
» upgrades
| Freezing Breath | 1 | |
| Creature Carapace | 3 | |
| Creature Attack | 3 | |
| Web | 1 | |
| Burrow | 1 | |
9 total
» buildings
| Graveyard | 1 | |
| Crypt | 2 | |
| Ziggurat | 9 | |
| Altar of Darkness | 1 | |
| Tomb of Relics | 1 | |
| Nerubian Tower | 1 | |
| Halls of the Dead | 1 | |
| Black Citadel | 1 | |
| Sacrificial Pit | 1 | |
| Boneyard | 2 | |
20 total
» build order
00:27 Graveyard
00:32 Crypt
00:36 Ziggurat
00:48 Altar of Darkness
01:05 Tomb of Relics
01:17 Ziggurat
02:34 Nerubian Tower
03:21 Ziggurat
04:49 Halls of the Dead
05:43 Crypt
07:13 Black Citadel
07:17 Sacrificial Pit
07:30 Ziggurat
09:22 Ziggurat
09:42 Boneyard
09:45 Boneyard
09:48 Ziggurat
09:53 Ziggurat
10:03 Ziggurat
11:58 Ziggurat
» items
| Dust of Appearance | 3 | |
| Rod of Necromancy | 1 | |
| Potion of Healing | 2 | |
| Scroll of Healing | 2 | |
| Orb of Corruption | 1 | |
| Potion of Mana | 1 | |
10 total
HeaDShoT-80 (
blue | 70 APM | 1996 actions | 28:21)
2 Blademaster
1 Wind Walk
1 Critical Strike
» actions
| Basic commands | 5 | |
| Build / train | 73 | |
| Enter build submenu | 45 | |
| Enter hero's abilities submenu | 3 | |
| Right click | 1369 | |
| Select / deselect | 351 | |
| Use ability | 150 | |
1996 total
» units
| Peon | 18 | |
| Troll Batrider | 10 | |
| Chimaera | 6 | |
34 total
» upgrades
| Spiked Barricades | 1 | |
| Ranged Weapons | 1 | |
| Armor | 1 | |
3 total
» buildings
| Altar of Storms | 1 | |
| Orc Burrow | 5 | |
| War Mill | 1 | |
| Watch Tower | 23 | |
| Voodoo Lounge | 2 | |
| Stronghold | 4 | |
| Beastiary | 3 | |
| Fortress | 2 | |
41 total
» build order
00:12 Altar of Storms
00:21 Orc Burrow
00:58 War Mill
01:35 Orc Burrow
03:15 Watch Tower
03:17 Watch Tower
04:46 Watch Tower
04:47 Watch Tower
04:49 Watch Tower
04:50 Watch Tower
05:03 Watch Tower
05:05 Watch Tower
05:32 Watch Tower
06:17 Watch Tower
06:20 Voodoo Lounge
06:26 Watch Tower
06:28 Watch Tower
06:37 Watch Tower
06:40 Watch Tower
06:41 Watch Tower
07:47 Watch Tower
07:48 Watch Tower
08:07 Watch Tower
09:21 Watch Tower
09:48 Watch Tower
09:50 Watch Tower
11:45 Watch Tower
11:47 Watch Tower
13:32 Stronghold
13:33 Stronghold
13:33 Stronghold
18:22 Beastiary
18:24 Beastiary
18:29 Beastiary
19:48 Voodoo Lounge
22:06 Orc Burrow
22:09 Orc Burrow
25:50 Orc Burrow
26:05 Fortress
» items
| Healing Salve | 3 | |
| Lesser Clarity Potion | 6 | |
| Boots of Speed | 1 | |
| Circlet of Nobility | 1 | |
| Staff of Teleportation | 1 | |
| Potion of Mana | 2 | |
| Orb of Corruption | 1 | |
| Potion of Healing | 1 | |
16 total
Losing_Battle13 (
purple | 81 APM | 1792 actions | 22:09)
3 Priestess of the Moon
1 Searing Arrows
2 Trueshot Aura
» actions
| Assign group hotkey | 24 | |
| Build / train | 56 | |
| ESC pressed | 3 | |
| Enter build submenu | 15 | |
| Enter hero's abilities submenu | 3 | |
| Right click | 912 | |
| Select / deselect | 488 | |
| Select group hotkey | 255 | |
| Use ability | 36 | |
1792 total
» units
| Wisp | 16 | |
| Huntress | 3 | |
| Dryad | 4 | |
| Chimaera | 13 | |
| Glaive Thrower | 5 | |
41 total
» upgrades
| Abolish Magic | 1 | |
| Corrosive Breath | 1 | |
| Strength of the Wild | 2 | |
| Vorpal Blades | 1 | |
5 total
» buildings
| Altar of Elders | 1 | |
| Moon Well | 7 | |
| Hunter's Hall | 1 | |
| Ancient of War | 1 | |
| Tree of Ages | 1 | |
| Ancient of Lore | 1 | |
| Ancient of Wind | 1 | |
| Tree of Eternity | 1 | |
| Chimaera Roost | 3 | |
17 total
» build order
00:08 Altar of Elders
00:19 Moon Well
01:24 Hunter's Hall
01:46 Ancient of War
01:59 Moon Well
02:51 Tree of Ages
04:35 Moon Well
05:17 Ancient of Lore
05:21 Ancient of Wind
05:23 Tree of Eternity
08:07 Chimaera Roost
08:11 Chimaera Roost
08:13 Chimaera Roost
08:34 Moon Well
09:37 Moon Well
14:04 Moon Well
14:04 Moon Well
» items
| Healing Salve | 2 | |
| Lesser Clarity Potion | 1 | |
| Scroll of Healing | 1 | |
4 total
team 2 (winner)
butter15 (
yellow | 124 APM | 3546 actions | 28:29)
5 Blademaster
2 Wind Walk
2 Critical Strike
1 Bladestorm
2 Tauren Chieftain
1 Shockwave
1 Endurance Aura
» actions
| Assign group hotkey | 19 | |
| Basic commands | 11 | |
| Build / train | 103 | |
| Enter build submenu | 79 | |
| Enter hero's abilities submenu | 7 | |
| Give item / drop item | 1 | |
| Remove unit from queue | 2 | |
| Right click | 2441 | |
| Select / deselect | 470 | |
| Select group hotkey | 139 | |
| Use ability | 274 | |
3546 total
» units
» upgrades
| Ranged Weapons | 2 | |
| Liquid Fire | 1 | |
| Reinforced Defenses | 1 | |
| Ensnare | 1 | |
5 total
» buildings
| Altar of Storms | 1 | |
| Orc Burrow | 3 | |
| War Mill | 1 | |
| Watch Tower | 53 | |
| Stronghold | 1 | |
| Voodoo Lounge | 4 | |
| Beastiary | 3 | |
| Great Hall | 1 | |
| Fortress | 3 | |
70 total
» build order
00:06 Altar of Storms
00:18 Orc Burrow
00:34 War Mill
01:49 Watch Tower
01:50 Watch Tower
02:22 Watch Tower
02:57 Watch Tower
02:59 Watch Tower
03:25 Watch Tower
03:50 Watch Tower
03:58 Stronghold
04:17 Watch Tower
04:18 Watch Tower
04:53 Watch Tower
04:54 Watch Tower
05:14 Voodoo Lounge
05:16 Voodoo Lounge
05:41 Watch Tower
05:42 Watch Tower
05:55 Watch Tower
06:27 Beastiary
06:38 Beastiary
06:51 Great Hall
07:12 Watch Tower
07:48 Voodoo Lounge
07:58 Watch Tower
08:17 Orc Burrow
09:40 Watch Tower
09:45 Watch Tower
09:52 Fortress
09:52 Fortress
10:34 Watch Tower
10:44 Voodoo Lounge
11:03 Watch Tower
11:08 Orc Burrow
12:25 Watch Tower
12:43 Watch Tower
12:45 Watch Tower
13:07 Watch Tower
13:59 Watch Tower
14:00 Watch Tower
15:15 Watch Tower
15:20 Watch Tower
15:22 Watch Tower
15:24 Watch Tower
15:29 Watch Tower
15:48 Watch Tower
16:38 Watch Tower
16:38 Watch Tower
17:47 Watch Tower
17:54 Beastiary
18:01 Watch Tower
18:49 Watch Tower
18:53 Watch Tower
19:57 Watch Tower
19:58 Watch Tower
21:54 Watch Tower
21:57 Watch Tower
21:59 Watch Tower
22:00 Watch Tower
22:03 Watch Tower
22:03 Watch Tower
23:10 Watch Tower
24:19 Watch Tower
24:20 Watch Tower
24:21 Watch Tower
25:41 Watch Tower
25:44 Watch Tower
28:12 Watch Tower
» items
| Boots of Speed | 2 | |
| Staff of Teleportation | 2 | |
| Healing Salve | 5 | |
| Lesser Clarity Potion | 16 | |
| Potion of Healing | 1 | |
| Orb of Lightning | 2 | |
28 total
DIRTMCWORDup (
teal | 102 APM | 2915 actions | 28:28)
4 Warden
2 Shadow Strike
2 Blink
3 Pandaren Brewmaster
2 Breath of Fire
1 Drunken Haze
» actions
| Assign group hotkey | 12 | |
| Basic commands | 5 | |
| Build / train | 81 | |
| ESC pressed | 4 | |
| Enter build submenu | 23 | |
| Enter hero's abilities submenu | 7 | |
| Give item / drop item | 2 | |
| Right click | 1669 | |
| Select / deselect | 210 | |
| Select group hotkey | 723 | |
| Use ability | 175 | |
2915 total
» units
» upgrades
| Well Spring | 1 | |
| Ultravision | 1 | |
| Strength of the Wild | 3 | |
| Reinforced Hides | 3 | |
8 total
» buildings
| Altar of Elders | 1 | |
| Moon Well | 14 | |
| Tree of Life | 4 | |
| Tree of Ages | 2 | |
| Tree of Eternity | 2 | |
| Ancient of Wonders | 1 | |
| Hunter's Hall | 1 | |
| Ancient of Wind | 2 | |
27 total
» build order
00:13 Altar of Elders
00:15 Moon Well
02:21 Moon Well
04:45 Tree of Life
05:06 Tree of Life
05:14 Moon Well
06:17 Moon Well
06:24 Tree of Ages
11:10 Tree of Eternity
11:14 Ancient of Wonders
12:16 Moon Well
12:17 Moon Well
16:29 Hunter's Hall
17:48 Tree of Ages
17:51 Tree of Life
19:32 Tree of Life
20:33 Tree of Eternity
20:36 Ancient of Wind
20:36 Ancient of Wind
25:21 Moon Well
25:22 Moon Well
25:22 Moon Well
25:22 Moon Well
25:25 Moon Well
25:25 Moon Well
25:26 Moon Well
25:28 Moon Well
» items
| Boots of Speed | 2 | |
| Staff of Teleportation | 3 | |
| Scroll of Regeneration | 1 | |
| Lesser Clarity Potion | 3 | |
| Healing Salve | 2 | |
| Orb of Lightning | 1 | |
| Orb of Venom | 1 | |
| Staff of Sanctuary | 1 | |
14 total
iggy_the_fisk (
green | 128 APM | 3646 actions | 28:28)
3 Archmage
2 Blizzard
1 Brilliance Aura
3 Blood Mage
2 Flame Strike
1 Siphon Mana
3 Paladin
2 Holy Light
1 Divine Shield
» actions
| Assign group hotkey | 430 | |
| Basic commands | 17 | |
| Build / train | 126 | |
| Enter build submenu | 98 | |
| Enter hero's abilities submenu | 9 | |
| Give item / drop item | 3 | |
| Remove unit from queue | 3 | |
| Right click | 1701 | |
| Select / deselect | 406 | |
| Select group hotkey | 638 | |
| Use ability | 215 | |
3646 total
» units
| Peasant | 20 | |
| Dragonhawk Rider | 1 | |
21 total
» upgrades
| Masonry | 3 | |
| Lumber Harvesting | 2 | |
| Magic Sentry | 1 | |
| Swords | 1 | |
| Armor | 1 | |
8 total
» buildings
| Altar of Kings | 1 | |
| Farm | 7 | |
| Lumber Mill | 1 | |
| Scout Tower | 85 | |
| Arcane Tower | 9 | |
| Guard Tower | 50 | |
| Keep | 1 | |
| Arcane Vault | 3 | |
| Arcane Sanctum | 1 | |
| Castle | 1 | |
| Gryphon Aviary | 1 | |
| Barracks | 1 | |
| Blacksmith | 1 | |
162 total
» build order
00:04 Altar of Kings
00:19 Farm
00:34 Lumber Mill
01:07 Farm
01:23 Scout Tower
01:26 Scout Tower
01:52 Arcane Tower
02:01 Scout Tower
02:17 Guard Tower
02:19 Scout Tower
02:49 Guard Tower
03:03 Scout Tower
03:34 Arcane Tower
03:36 Scout Tower
03:43 Scout Tower
03:45 Scout Tower
03:53 Guard Tower
03:56 Scout Tower
04:05 Keep
04:08 Scout Tower
04:14 Guard Tower
04:15 Scout Tower
04:17 Guard Tower
04:22 Arcane Tower
04:23 Guard Tower
04:28 Scout Tower
04:41 Arcane Tower
04:43 Guard Tower
04:45 Scout Tower
04:59 Scout Tower
05:05 Guard Tower
05:09 Scout Tower
05:14 Scout Tower
05:48 Guard Tower
06:04 Guard Tower
06:07 Scout Tower
06:18 Arcane Vault
06:19 Scout Tower
06:22 Guard Tower
06:24 Scout Tower
06:27 Scout Tower
06:29 Scout Tower
06:34 Guard Tower
06:56 Guard Tower
07:08 Guard Tower
07:22 Farm
07:49 Scout Tower
08:04 Farm
08:33 Scout Tower
08:43 Arcane Sanctum
08:54 Guard Tower
09:03 Castle
09:06 Scout Tower
09:07 Scout Tower
09:07 Scout Tower
09:08 Scout Tower
09:10 Scout Tower
09:12 Scout Tower
09:14 Scout Tower
09:14 Arcane Vault
09:24 Guard Tower
09:59 Guard Tower
09:59 Scout Tower
10:14 Guard Tower
10:15 Scout Tower
11:16 Guard Tower
11:18 Scout Tower
11:23 Scout Tower
11:23 Scout Tower
11:31 Scout Tower
11:32 Scout Tower
11:38 Scout Tower
11:39 Scout Tower
11:41 Scout Tower
11:56 Guard Tower
12:08 Guard Tower
12:15 Farm
12:16 Farm
12:21 Scout Tower
12:24 Guard Tower
12:26 Guard Tower
12:28 Scout Tower
13:06 Guard Tower
13:49 Scout Tower
13:50 Scout Tower
13:50 Scout Tower
14:02 Scout Tower
14:05 Arcane Vault
14:07 Guard Tower
14:24 Scout Tower
14:25 Scout Tower
14:45 Guard Tower
14:47 Scout Tower
14:48 Scout Tower
14:49 Guard Tower
15:09 Guard Tower
15:16 Scout Tower
15:38 Guard Tower
16:05 Guard Tower
16:06 Scout Tower
16:15 Scout Tower
16:16 Scout Tower
16:30 Guard Tower
16:47 Guard Tower
16:48 Scout Tower
16:49 Scout Tower
17:41 Guard Tower
17:42 Scout Tower
17:45 Guard Tower
17:49 Scout Tower
18:06 Gryphon Aviary
18:07 Barracks
18:54 Guard Tower
18:57 Scout Tower
18:58 Scout Tower
18:59 Scout Tower
19:12 Scout Tower
19:12 Scout Tower
19:13 Scout Tower
19:13 Scout Tower
19:14 Guard Tower
19:55 Arcane Tower
20:13 Guard Tower
20:18 Scout Tower
20:27 Arcane Tower
20:29 Scout Tower
20:46 Blacksmith
20:51 Farm
20:55 Guard Tower
21:00 Scout Tower
21:03 Scout Tower
21:04 Scout Tower
21:06 Arcane Tower
21:06 Arcane Tower
21:09 Scout Tower
21:38 Guard Tower
21:44 Scout Tower
21:46 Scout Tower
21:48 Scout Tower
21:52 Scout Tower
21:52 Scout Tower
21:55 Scout Tower
21:56 Guard Tower
22:18 Arcane Tower
23:14 Guard Tower
23:16 Scout Tower
23:17 Scout Tower
23:24 Guard Tower
23:26 Scout Tower
23:30 Scout Tower
23:38 Scout Tower
23:44 Guard Tower
24:16 Guard Tower
24:18 Scout Tower
24:40 Guard Tower
24:49 Guard Tower
» items
| Lesser Clarity Potion | 4 | |
| Scroll of Regeneration | 5 | |
| Scroll of Town Portal | 2 | |
| Staff of Sanctuary | 3 | |
| Boots of Speed | 2 | |
| Staff of Teleportation | 3 | |
| Orb of Lightning | 1 | |
20 total
Chat log
(00:26 / All) DIRTMCWORDup: good lock
(00:28 / All) DIRTMCWORDup: have foon
(00:28 / All) HeaDShoT-80: you too
(01:02 / All) DIRTMCWORDup: Hey
(01:04 / All) HeaDShoT-80: ?
(01:07 / All) DIRTMCWORDup: Hey all
(01:09 / All) HeaDShoT-80: hi
(01:09 / All) DIRTMCWORDup: just wanna wish u
(01:11 / All) DIRTMCWORDup: good luck ":)
(01:14 / All) HeaDShoT-80: i said you too
(01:18 / All) Losing_Battle13: happy birthday
(01:20 / All) DIRTMCWORDup: i cant see ur chat.
(01:26 / All) FatalCastZ-: what races r u guys
(01:28 / All) HeaDShoT-80: appologies
(01:30 / All) butter15: idk what race
(01:32 / All) DIRTMCWORDup: horc
(01:33 / All) butter15: how 2 play
(01:37 / All) DIRTMCWORDup: hurc
(01:40 / All) iggy_the_fisk: horace orc
(01:41 / All) DIRTMCWORDup: humc
(01:44 / All) DIRTMCWORDup: huma
(01:54 / All) FatalCastZ-: kk
(01:57 / All) FatalCastZ-: ty :)
(02:07 / All) DIRTMCWORDup: yw
(22:20 / All) iggy_the_fisk: u like?
(22:48 / All) butter15: oh
(22:50 / All) butter15: do you guys know
(22:53 / All) butter15: 'wordsandthings'
(24:52 / All) butter15: quite the "bat"tle
(24:53 / All) butter15: lol
(27:40 / All) butter15: so, so bad
(28:10 / All) butter15: lmao